 Dungeon Crawl Stone Soup version 0.24.0-1-gfbc8707 (webtiles) character file.

Game seed: 11985664481648638067, levelgen mode: deterministic

560 ChiliFlavouring the Covered (level 7, -6/62 HPs)
             Began as a Minotaur Fighter on Oct 26, 2019.
             Mangled by a troll (11 damage)
             ... on level 4 of the Dungeon.
             The game lasted 00:11:49 (3964 turns).

ChiliFlavouring the Covered (Minotaur Fighter)      Turns: 3964, Time: 00:11:49

Health: -6/62      AC:  7    Str: 23    XL:     7   Next: 9%
Magic:  6/6        EV:  8    Int:  5    God:
Gold:   168        SH: 10    Dex:  9    Spells: 6/6 levels left

rFire    + . .     SeeInvis .   y - +2 mace (protect)
rCold    + . .     Gourm    .   c - +0 shield
rNeg     . . .     Faith    .   b - +0 scale mail
rPois    .         Spirit   .   (helmet restricted)
rElec    .         Reflect  .   s - scarf {rC+ rF+}
rCorr    .         Harm     .   (no gloves)
MR       .....                  (no boots)
Stlth    ..........             (no amulet)
HPRegen  0.20/turn              (no ring)
MPRegen  0.10/turn              (no ring)

@: no status effects
A: retaliatory headbutt, horns 2
a: no special abilities


You were on level 4 of the Dungeon.
You were not hungry.

You visited 1 branch of the dungeon, and saw 4 of its levels.

You collected 168 gold pieces.

Inventory:

Hand Weapons
 a - a +0 flail
 g - a +6 club
 v - a +3 flail
 y - a +2 mace of protection (weapon)
 z - a +0 arbalest
Missiles
 u - 4 poisoned darts (quivered)
Armour
 b - a +0 scale mail (worn)
 c - a +0 shield (worn)
 s - a scarf of resistance (worn)
 x - a +1 leather armour of magic resistance
Jewellery
 t - an uncursed ring of ice {unknown}
Scrolls
 k - a scroll of identify
 l - a scroll of magic mapping {unknown}
 w - a scroll of random uselessness {unknown}
 A - a scroll of remove curse {unknown}
 C - 3 scrolls of teleportation {unknown}
Potions
 d - a potion of might
 e - a potion of invisibility {unknown}
 h - 2 potions of cancellation {unknown}
 i - 2 potions of ambrosia {unknown}
 j - a potion of degeneration {unknown}
 m - a potion of lignification {unknown}
 n - 4 potions of curing {unknown}
 o - a potion of mutation {unknown}
 p - 3 potions of brilliance {unknown}
 q - a potion of agility {unknown}
 r - 2 potions of heal wounds {unknown}
 B - a potion of magic {unknown}
Comestibles
 f - 4 rations
 D - 2 chunks of flesh


   Skills:
 + Level 5.8 Fighting
 + Level 5.2 Maces & Flails
 + Level 5.9 Armour
 - Level 5.4 Shields


You had 6 spell levels left.
You didn't know any spells.
Your spell library contained the following spells:

 Spells                   Type           Power        Failure   Level  Hunger
 Confusing Touch          Hex            #.....       99%         1    ##.....
 Confuse                  Hex            #.......     100%        3    ####...
 Gell's Gravitas          Tloc           #.........   100%        3    ####...
 Petrify                  Tmut/Erth      #.......     100%        4    #####..
 Metabolic Englaciation   Hex/Ice        #.........   100%        5    ######.
 Yara's Violent Unravell  Hex/Tmut       #.........   100%        5    ######.


Dungeon Overview and Level Annotations

Branches:
Dungeon (4/15)
 Temple: D:4-7

Altars:
Ashenzari
Nemelex Xobeh
Ru
Uskayaw


Innate Abilities, Weirdness & Mutations

You reflexively headbutt those who attack you in melee.
You have a pair of horns on your head.


Message History

You hit the troll.
The troll is lightly wounded.
The troll bites you. The troll barely misses you. The troll claws you!
There is a stone staircase leading up here.
You block the troll's attack. The troll claws you.
The troll claws you but does no damage.
You climb upwards.
There is a stone staircase leading down here.
There is an open door here.
There's a creature in the doorway!
The troll bites you! The troll claws you. You block the troll's attack.
There is an escape hatch in the floor here.
You block the troll's attack. The troll claws you!
* * * LOW HITPOINT WARNING * * *
The troll claws you but does no damage.
You slide downwards.
The hatch slams shut behind you. You block the troll's attack.
The troll claws you!
* * * LOW HITPOINT WARNING * * *
The troll claws you!
You die...

#.......#.## ##.......##
#. #.._....#####
##.....## #.
#..8....#.... ##...## #.
#.._......# ##+## #.
#.........## #.# #.
#####......# #
#.#######. #......##.#
##........#
#......##.####.........#
#####..@........^.####.#
#.T.............##.#
#.....###.#..##.##.#
#.#####...#.).......
#.####⌠.⌠.#<.#####.#
#......_..#........#
######⌠.⌠.#.########
##...#.# #####.#


You could see a troll.

Vanquished Creatures
  A crocodile (D:3)
  A scorpion (D:4)
  A wight (D:3)
  2 orc priests (D:4)
  An orc wizard (D:4)
  Jessica (D:2)
  3 worker ants
  8 adders
  2 oozes
  An adder skeleton (D:4)
  4 worms
  3 leopard geckos (D:1)
  15 orcs
  4 ball pythons
  7 giant cockroaches
  12 goblins
  9 hobgoblins
  3 jackals
  A quokka (D:3)
  6 bats
  4 frilled lizards
  5 kobolds
  A leopard gecko skeleton (D:4)
  7 rats
102 creatures vanquished.

Notes
Turn   | Place    | Note
-------+----------+-------------------------------------------
     0 | D:1      | ChiliFlavouring the Minotaur Fighter began the quest for
                  | the Orb.
     0 | D:1      | Reached XP level 1. HP: 19/19 MP: 0/0
    80 | D:1      | Reached XP level 2. HP: 27/27 MP: 1/1
   346 | D:1      | You fall into a shaft and drop 1 floor!
   388 | D:1      | Reached XP level 3. HP: 33/33 MP: 2/2
   741 | D:1      | Reached XP level 4. HP: 20/40 MP: 3/3
  1076 | D:2      | Found a faded altar of an unknown god.
  1351 | D:2      | Noticed Jessica
  1357 | D:2      | Killed Jessica
  1503 | D:3      | Reached XP level 5. HP: 47/47 MP: 4/4
  2371 | D:4      | Found a shattered altar of Ashenzari.
  2390 | D:3      | Reached skill level 5 in Armour
  2390 | D:3      | Reached skill level 5 in Shields
  2866 | D:4      | Reached skill level 5 in Fighting
  2875 | D:4      | Reached XP level 6. HP: 26/56 MP: 5/5
  3463 | D:4      | Found a hide-covered altar of Uskayaw.
  3465 | D:4      | Found a sacrificial altar of Ru.
  3485 | D:4      | Found a sparkling altar of Nemelex Xobeh.
  3647 | D:3      | Reached skill level 5 in Maces & Flails
  3647 | D:3      | Reached XP level 7. HP: 23/62 MP: 6/6
  3924 | D:4      | Noticed a troll
  3964 | D:4      | Mangled by a troll

Levels and vault maps discovered:
D:1:      dpeg_arrival_windows_large_door, layout_loops_ring, minmay_octomino_j4
D:2:      lemuel_upstairs_altar, layout_rooms, chequers_ecumenical_altar_simple,
          uniq_jessica, uniq_crazy_yiuf_cottage
D:3:      layout_basic
D:4:      layout_loops_corners, ashenzari_conservatory_becter,
          nicolae_overflow_hidden_temple, kennysheep_little_box,
          nemelex_xobeh_ov_fountains_minmay,
          chequers_temple_overflow_statue_of_worship, minmay_divided_ellipse

Skill      XL: |  1  2  3  4  5  6 |
---------------+-------------------+-----
Shields        | 4 5 |  5.4
Armour         | 4 5 |  5.9
Fighting       | 4 5 |  5.8
Maces & Flails | 3 4 5 |  5.2

Action                   |  1- 3 |  4- 6 |  7- 9 || total
-------------------------+-------+-------+-------++-------
Melee: Flail             |    95 |    44 |       ||   139
       Headbutt          |    10 |    27 |       ||    37
       Club              |       |    74 |       ||    74
       Mace              |       |    37 |    13 ||    50
Throw: Dart              |       |       |     4 ||     4
  Use: Scroll            |       |     2 |       ||     2
  Eat: Chunk             |       |     9 |     1 ||    10
Armor: Scale mail        |    36 |    58 |    10 ||   104
Dodge: Dodged            |    25 |    36 |     3 ||    64
Block: Shield            |    57 |    78 |    16 ||   151
